AoeStats
← Barón de la Cerveza

Hideout

510218536Analyzed
1v1 RM · 2d ago on Sep 30, 2026· 53m 48s· 2 players
Game mode
Random Map
Map size
Tiny (2 player)
Population
200
Speed
Normal
Resources
Standard
Victory
Conquest
Starting age
Dark Age
Ending age
Imperial Age
RankedLock teamsTeams togetherTeam positionsShared explorationLock speedFull tech treeHidden civsTurbo modeCheats
Victory
Defeat
2101
+6
🇲🇽 Danes · Mexico
1839
-6
CTM | Lelouch ELO bajito
8:53 Feudal Age
8:31 Loom
12:52 Castle Age
11:43 Double-Bit Axe
17:23 Town Watch
17:25 Horse Collar
22:14 Herbal Medicine
22:45 Sanctity
24:16 Redemption
27:32 Fervor
31:15 Scale Mail Armor
33:00 Fletching
42:14 Herbal Medicine
46:39 Forging
47:39 Wheelbarrow
47:19 Heavy Plow
47:11 Gold Mining
48:50 Hand Cart
49:33 Chain Mail Armor
49:53 Iron Casting
48:43 Pikeman
49:24 Squires
49:09 Arson
50:02 Bodkin Arrow
51:04 Bow Saw
51:29 Gold Shaft Mining
50:45 Halberdier
54:42 Imperial Age
53:38 Iron Casting
Barón de la Cerveza
8:53 Feudal Age
9:10 Loom
9:04 Man-at-Arms
20:08 Castle Age
18:53 Fletching
20:12 Double-Bit Axe
20:13 Horse Collar
24:21 Bow Saw
24:53 Light Cavalry
Connection lost

Rejoining the realm…

Still unreachable

The connection could not be restored.

Session expired

The server has moved on; the page needs a fresh start.